 Dungeon Crawl Stone Soup version 0.17-a0-1910-g4c791fa (webtiles) character file.

10793 graki42 the Blocker (level 11, -4/101 HPs)
             Began as a Minotaur Fighter on Sept 25, 2015.
             Was a High Priest of Okawaru.
             Slain by a slime creature (7 damage)
             ... on level 12 of the Dungeon.
             The game lasted 00:42:17 (9985 turns).

graki42 the Blocker (Minotaur Fighter)              Turns: 9985, Time: 00:42:17

Health: -4/101     AC: 19    Str: 24    XL:     11   Next: 40%
Magic:  12/12      EV:  7    Int:  5    God:    Okawaru [*****.]
Gold:   909        SH:  0    Dex: 10    Spells: 0 memorised, 10 levels left

rFire  + + .     SeeInvis .     x - +3 hand axe (chop)
rCold  . . .     Clarity  .     k - +0 plate armour
rNeg   . . .     SustAt   .     c - +1 shield
rPois  .         Gourm    .     (helmet restricted)
rElec  .         Spirit   .     (no cloak)
rCorr  .         Warding  .     p - +0 pair of gloves
rMut   .         Stasis   .     o - +2 pair of boots {Stlth+}
MR     .....                    u - amulet of rage
Stlth  ..........               j - ring of protection from fire
                                a - ring of protection from fire

@: confused, not resistant to hostile enchantments, extremely unstealthy
A: retaliatory headbutt, horns 2
a: Heroism, Finesse, Renounce Religion, Evoke Berserk Rage


You were on level 12 of the Dungeon.
You worshipped Okawaru.
Okawaru was extremely pleased with you.
You were hungry.

You visited 1 branch of the dungeon, and saw 12 of its levels.

You collected 909 gold pieces.

Inventory:

Hand weapons
 x - a +3 hand axe of chopping (weapon)
Missiles
 g - 16 tomahawks (quivered)
Armour
 c - a +1 shield (worn)
 k - a +0 plate armour (worn)
 o - a +2 pair of boots of stealth (worn)
 p - a +0 pair of gloves (worn)
Jewellery
 a - a ring of protection from fire (left hand)
 j - a ring of protection from fire (right hand)
 u - an amulet of rage (around neck)
 y - an uncursed ring of poison resistance
 F - the ring of Siseffeu {rC+ SInv}
   (You found it on level 7 of the Dungeon)

   [ring of protection from cold]

   It protects you from cold.
   It lets you see invisible.
 I - an uncursed ring of positive energy
 J - an uncursed amulet of guardian spirit
 P - an uncursed ring of teleportation
Magical devices
 t - a wand of magic darts (0)
 w - a wand of random effects (17)
 A - a wand of polymorph (16)
 D - a wand of heal wounds (0)
 O - a wand of disintegration (13)
 S - a wand of flame (4)
 T - a wand of magic darts (13)
Scrolls
 b - 3 scrolls of enchant armour
 f - a scroll of holy word {unknown}
 B - 2 scrolls of identify
 C - a scroll of fear
 H - a scroll of recharging
 V - 2 scrolls of enchant weapon
 Y - a scroll of fog
Potions
 d - a potion of might
 m - 4 potions of curing {unknown}
 q - a potion of magic
 r - a potion of resistance
 v - 2 potions of flight
 z - 3 potions of brilliance {unknown}
 E - a potion of haste {unknown}
 K - a potion of berserk rage
 L - 2 potions of lignification
 M - 2 potions of ambrosia
 U - 2 potions of poison {unknown}
 X - 2 potions of cancellation {unknown}
Books
 s - a book of Annihilations

   Spells                             Type                      Level
   a - Poison Arrow                   Conjuration/Poison           6
   b - Chain Lightning                Conjuration/Air              8
   c - Lehudib's Crystal Spear        Conjuration/Earth            8
   d - Glaciate                       Conjuration/Ice              9
   e - Fire Storm                     Conjuration/Fire             9
 N - a book of Geomancy

   Spells                             Type                      Level
   a - Sandblast                      Earth                        1
   b - Stoneskin                      Transmutation/Earth          2
   c - Passwall                       Transmutation/Earth          3
   d - Stone Arrow                    Conjuration/Earth            3
   e - Petrify                        Transmutation/Earth          4
   f - Lee's Rapid Deconstruction     Earth                        5
Miscellaneous
 R - a disc of storms
Comestibles
 e - 7 bread rations
 h - 3 royal jellies
 i - 38 fruits
 l - a slice of pizza
 n - 4 meat rations
 Q - a beef jerky


   Skills:
 + Level 10.5 Fighting
 + Level 11.1 Axes
 + Level 0.4 Throwing
 + Level 10.6 Armour
 - Level 0.7 Dodging
 + Level 11.5 Shields
 + Level 2.2 Invocations
 + Level 2.9 Evocations


You had 10 spell levels left.
You didn't know any spells.

Dungeon Overview and Level Annotations

Branches:
Dungeon (12/15)            Temple (0/1) D:5            Lair (0/8) D:8
    Orc (0/4) D:12

Altars:
Ashenzari
Fedhas
Makhleb
Okawaru
Trog
Yredelemnul

Shops:
D:8 =   D:11 *


Innate Abilities, Weirdness & Mutations

You reflexively headbutt those who attack you in melee.
You have a pair of horns on your head.


Message History

The slime creature is moderately wounded.
You closely miss the large slime creature.
The large slime creature is moderately wounded.
You hit the slime creature.
The slime creature is moderately wounded.
The slime creature hits you.
* * * LOW HITPOINT WARNING * * *
The large slime creature barely misses you.
The slime creature hits you but does no damage.
Two slime creatures merge to form a very large slime creature.
You hit the slime creature. You headbutt the slime creature.
The slime creature is heavily wounded.
You hit the very large slime creature.
The very large slime creature is lightly wounded.
You hit the slime creature.
The slime creature is moderately wounded.
The slime creature hits you.
* * * LOW HITPOINT WARNING * * *
The slime creature hits you!
You die...

########))))..#.#.######.#..#
#...#8.)))....#..........#..#
#.>.'....)))..###.#####.....#
#...#8....[.#.###.# #..#..#
#######...........# #..#.(#
......##.#.........#####..#..#
.... ..##...................##
..... ..##....J.##.#####.##.#
...[. #..##...J@##.#####.##.#
#....#..######J##..........#
.#....#.<#.####..#.#####.#..#
........(....##J...#####.#..#
.........................#..#
............................#
......#......##..#.########.#
###...#..........#.# #.# #..
#....#.##..#.# #.#


You could see a very large slime creature and 3 slime creatures.

Vanquished Creatures
  The ghost of graki42 the Cleaver, an experienced MiFi of Xom (D:10)
  The ghost of graki42 the Cleaver, an experienced MiFi of Okawaru (D:8)
  A cyclops (D:11)
  The ghost of Uberwunderbarhen the Ducker, an experienced OpFi of Cheibriados (D:7)
  2 trolls (D:9)
  2 tengu conjurers (D:11)
  A wyvern (D:11)
  Sigmund (D:6)
  7 humans (D:11)
  Eustachio (D:6)
  A hungry ghost (D:12)
  A steam dragon (D:10)
  2 hippogriffs (D:8)
  Edmund (D:5)
  An ice beast (D:6)
  A phantom (D:5)
  6 orc warriors
  A tengu (D:9)
  3 black bears
  3 ogres
  2 necrophages
  3 centaurs
  A crocodile (D:8)
  5 giant frogs
  2 big kobolds
  A wyvern skeleton (D:7)
  4 scorpions
  17 killer bees
  The ghost of Duffy the Caller, a weakling HuSu (D:3)
  5 crimson imps
  5 orc priests
  3 centaur zombies
  7 hounds
  3 jellies
  2 centaur skeletons
  3 giant frog zombies (D:11)
  A gnoll shaman (D:9)
  5 iguanas
  10 orc wizards
  10 worker ants
  5 sheep (D:11)
  A hound skeleton (D:6)
  A hound zombie (D:11)
  A worker ant zombie (D:5)
  8 adders
  8 gnolls
  5 oozes
  2 adder skeletons
  2 adder zombies
  2 worms (D:3)
  6 giant geckos
  44 orcs
  16 bats
  8 goblins
  8 hobgoblins
  5 jackals
  22 kobolds
  8 quokkas
  2 ball pythons
  4 giant cockroaches
  A giant gecko skeleton (D:6)
  4 giant newts
  11 rats
  4 fungi (D:8)
306 creatures vanquished.

Vanquished Creatures (others)
  24 fungi
  3 plants
27 creatures vanquished.

Grand Total: 333 creatures vanquished

Notes
Turn   | Place    | Note
--------------------------------------------------------------
     0 | D:1      | graki42 the Minotaur Fighter began the quest for the Orb.
     0 | D:1      | Reached XP level 1. HP: 19/19 MP: 0/0
   188 | D:1      | Reached XP level 2. HP: 25/27 MP: 1/1
   514 | D:1      | Reached skill level 4 in Fighting
   913 | D:2      | Reached XP level 3. HP: 30/33 MP: 2/2
  1253 | D:2      | Reached XP level 4. HP: 34/41 MP: 3/3
  1455 | D:3      | Noticed Duffy's ghost (weakling HuSu)
  1462 | D:3      | Killed Duffy's ghost
  1462 | D:3      | Reached skill level 5 in Shields
  1509 | D:3      | Reached XP level 5. HP: 35/47 MP: 4/4
  1725 | D:3      | Reached skill level 5 in Fighting
  2120 | D:3      | Found an iron altar of Okawaru.
  2135 | D:3      | Became a worshipper of Warmaster Okawaru
  2318 | D:4      | Reached XP level 6. HP: 51/56 MP: 5/5
  2659 | D:4      | Got a jewelled mace
  2660 | D:4      | Identified the cursed +1 mace of Fimbulwinter {drain, +Rage MP-9 Int+7 Dex-4} (You found it on level 4 of the Dungeon)
  3065 | D:5      | Entered Level 5 of the Dungeon
  3081 | D:5      | Reached skill level 5 in Armour
  3103 | D:5      | Found a shattered altar of Ashenzari.
  3127 | D:5      | Found a staircase to the Ecumenical Temple.
  3206 | D:5      | Acquired Okawaru's first power
  3206 | D:5      | Reached skill level 6 in Fighting
  3206 | D:5      | Reached skill level 5 in Axes
  3206 | D:5      | Reached XP level 7. HP: 60/63 MP: 6/6
  3214 | D:5      | Got an ancient whip
  3215 | D:5      | Identified the cursed +1 whip of the Forsaken Realms {pain, rC- Int+5 SInv Stlth+} (You found it on level 5 of the Dungeon)
  3347 | D:5      | Noticed Edmund
  3359 | D:5      | Killed Edmund
  3544 | D:6      | Found a bloodstained altar of Trog.
  3612 | D:6      | Reached XP level 8. HP: 67/71 MP: 7/7
  3664 | D:6      | Reached skill level 7 in Fighting
  3671 | D:6      | Noticed Eustachio
  3693 | D:6      | Killed Eustachio
  3693 | D:6      | Reached skill level 1 in Evocations
  3930 | D:6      | Noticed Sigmund
  3943 | D:6      | Killed Sigmund
  4291 | D:7      | Got a flickering steel ring
  4292 | D:7      | Identified the ring of Siseffeu {rC+ SInv} (You found it on level 7 of the Dungeon)
  4343 | D:7      | Noticed Uberwunderbarhen's ghost (experienced OpFi)
  4376 | D:7      | Killed Uberwunderbarhen's ghost
  4376 | D:7      | Reached skill level 8 in Fighting
  4376 | D:7      | Reached XP level 9. HP: 81/81 MP: 8/8
  5505 | D:8      | Found Zygeoqeg's Jewellery Boutique.
  5718 | D:8      | Noticed graki42's ghost (experienced MiFi)
  5735 | D:8      | Killed graki42's ghost
  5735 | D:8      | Reached skill level 9 in Fighting
  5757 | D:8      | Found a staircase to the Lair.
  5838 | D:8      | Found a burning altar of Makhleb.
  6098 | D:8      | Reached XP level 10. HP: 85/91 MP: 9/9
  6742 | D:9      | Acquired Okawaru's second power
  7211 | D:9      | Reached skill level 10 in Shields
  7496 | D:9      | Found a basalt altar of Yredelemnul.
  7692 | D:10     | Entered Level 10 of the Dungeon
  7802 | D:10     | Reached skill level 10 in Axes
  8022 | D:10     | Found a blossoming altar of Fedhas.
  8193 | D:10     | Reached skill level 10 in Armour
  8334 | D:10     | Noticed graki42's ghost (experienced MiFi)
  8363 | D:10     | Killed graki42's ghost
  8697 | D:11     | Noticed a cyclops
  8711 | D:11     | Killed a cyclops
  8711 | D:11     | Reached skill level 11 in Shields
  8711 | D:11     | Reached XP level 11. HP: 93/99 MP: 3/11
  8717 | D:11     | Reached skill level 10 in Fighting
  8781 | D:11     | Reached skill level 1 in Invocations
  9309 | D:11     | Found Fixal's Demolitions Depot.
  9833 | D:12     | Found a staircase to the Orcish Mines.
  9979 | D:12     | HP: 1/101 [large slime creature (17)]
  9984 | D:12     | HP: 5/101 [slime creature (6)]
  9985 | D:12     | Slain by a slime creature

Vault maps used:
D:1:      lightli_arrival_quake
D:2:      serial_aquarium, aquarium_bridge_straight, aquarium_window_2,
          aquarium_window_1, aquarium_window_2, aquarium_window_fake,
          aquarium_view_2d, aquarium_pool_corner
D:3:      first_bread, okawaru_altar_gauntlet_db
D:5:      temple_fountains, cheibrodos_ashenzari_chains, uniq_edmund
D:6:      trog_ov_bears_minmay, uniq_eustachio, uniq_sigmund
D:7:      grunt_decor_fettered
D:8:      nicolae_overflow_crystal_walls, due_lair_maze_entry_diamond,
          serial_shops, shop
D:9:      basic_altar
D:10:     blue_anna_alchemist, fedhas_altar_3
D:11:     erik_1, nicolae_blasting_shop
D:12:     hiddenorc1_lemuel, nicolae_trove_entry_columns, uniq_erolcha

Action                   |  1- 3 |  4- 6 |  7- 9 | 10-12 || total
-------------------------+-------+-------+-------+-------++-------
Melee: War axe           |    91 |   187 |    31 |       ||   309
       Hand axe          |       |       |   261 |   384 ||   645
Throw: Tomahawk          |       |     1 |       |       ||     1
Invok: Heroism           |       |       |       |     4 ||     4
       Finesse           |       |       |       |     1 ||     1
 Abil: Evoke Berserk Rag |       |       |     1 |     1 ||     2
Evoke: Wand              |       |     5 |       |    30 ||    35
       Disc of storms    |       |       |       |     5 ||     5
  Use: Scroll            |     5 |     7 |     1 |    10 ||    23
       Potion            |       |       |     1 |     1 ||     2
  Eat: Chunk             |     1 |     6 |    10 |    14 ||    31
       Fruit             |       |       |     1 |       ||     1
